Map: Central Protocol

Players

thrillakilla

  • Race: Protoss Protoss
  • League: Bronze

juhyg - Winner!

  • Race: Zerg Zerg

VOD

Have the link to the VOD?

Description

Time

  • Played on: Jan. 27, 2016, 6:34 p.m.
  • Length: 3:28
Show
View Real Time Build Order
Export as new Build Order

thrillakilla Protoss 

Build Orders: Double Forge 

Get SALT Encoding   

  12  0:01  Probe (Chrono Boost)  
  13  0:12  Probe (Chrono Boost)  
  14  0:21  Pylon  
  14  0:23  Probe (Chrono Boost)  
  15  0:39  Probe (Chrono Boost)  
  15  0:41  Gateway  
  16  0:47  Assimilator  
  16  0:52  Probe (Chrono Boost)  
  17  1:02  Pylon, Probe (Chrono Boost)  
  19  1:18  Probe (Chrono Boost)  
  19  1:22  Assimilator  
  19  1:29  Cybernetics Core  
  19  1:32  Probe (Chrono Boost), Gateway  
  20  1:44  Probe (Chrono Boost)  
  21  1:58  Pylon  
  21  2:00  Gateway  
  21  2:12  Adept  
  23  2:22  Probe (Chrono Boost)  
  23  2:31  Stalker  
  25  2:41  Stargate  
  25  2:42  Probe  
  26  2:48  Stalker  
  28  3:11  Forge  
  28  3:12  Forge  
Show
View Real Time Build Order
Export as new Build Order

juhyg Zerg - Winner!

Build Orders: Pool Only 

Get SALT Encoding   

  12  0:22  Spawning Pool  
  12  0:28  Drone x2  
  12  0:35  Overlord  
  13  0:44  Drone  
  14  1:01  Drone  
  14  1:03  Drone  
  16  1:09  Queen  
  18  1:18  Drone, Roach Warren  
  17  1:21  Extractor  
  17  1:23  Extractor  
  16  1:28  Drone  
  17  1:39  Spore Crawler  
  16  1:46  Spore Crawler  
  15  1:52  Drone x2  
  17  2:00  Drone  
  18  2:09  Drone  
  19  2:25  Roach  
  19  2:26  Overlord  
  21  2:32  Overlord  
  21  2:46  Drone  
Tags
 
Add a new tag
Caveats
  • Supply blocks, unpowered buildings, or Contaminate may cause inaccurate times.
  • Supply counts are checked every 10 seconds.